 Dungeon Crawl Stone Soup version 0.29.1-13-g9f3cf754e1 (webtiles) character file.

Game seed: 1183714847786677302

50 theswoord the Twirler (level 3, -2/27 HPs)
             Began as a Demonspawn Gladiator on Jan 27, 2023.
             Slain by Natasha (3 damage)
             ... on level 2 of the Dungeon.
             The game lasted 00:01:40 (1151 turns).

theswoord the Twirler (Demonspawn Gladiator)        Turns: 1151, Time: 00:01:40

Health: -2/27      AC: 11    Str: 16    XL:     3   Next: 55%
Magic:  3/3        EV:  5    Int:  9    God:
Gold:   64         SH:  0    Dex: 14    Spells: 2/2 levels left

rFire   . . .      SeeInvis .   (no weapon)
rCold   . . .      Faith    .   (no shield)
rNeg    . . .      Spirit   .   m - +0 plate armour
rPois   .          Reflect  .   c - +0 helmet
rElec   .          Harm     .   (no cloak)
rCorr   .          Rampage  .   (no gloves)
Will    .....                   (no boots)
Stlth   ..........              (no amulet)
HPRegen 0.09/turn               (no ring)
MPRegen 0.08/turn               (no ring)

@: slowed, very slow
A: hooves 1, weakness stinger 1
a: no special abilities


You were on level 2 of the Dungeon.
You visited 1 branch of the dungeon, and saw 2 of its levels.

You collected 64 gold pieces.

Inventory:

Hand Weapons
 a - a +0 quarterstaff
Missiles
 d - 3 throwing nets (quivered)
 e - a javelin
Armour
 b - a +0 leather armour
 c - a +0 helmet (worn)
 m - a +0 plate armour (worn)
Jewellery
 p - a ring of flight
Scrolls
 f - 3 scrolls of identify {unknown}
 g - a scroll of noise {unknown}
 j - a scroll of amnesia {unknown}
 k - a scroll of vulnerability {unknown}
 n - a scroll of fear {unknown}
 o - a scroll of summoning {unknown}
 q - a scroll of teleportation {unknown}


   Skills:
 + Level 2.0 Fighting
 - Level 4.1 Staves
 - Level 1.7 Throwing
 - Level 2.6 Dodging
 * Level 0.2 Unarmed Combat


You had 2 spell levels left.
You didn't know any spells.
Your spell library was empty.

Dungeon Overview and Level Annotations

Branches:
Dungeon (2/15)

Altars:

Annotations:
D:2 Natasha


Innate Abilities, Weirdness & Mutations

You have large cloven feet.
You have a small tail.


Message History

You are too confused!
You are too confused!
You are too confused!
You are too confused!
You are too confused!
Natasha claws you.
* * * LOW HITPOINT WARNING * * *
Natasha closely misses you.
You are too confused!
It was a potion of flight.
You feel very buoyant.
You fly up into the air.
You feel less confused. Natasha barely misses you.
It was a potion of cancellation.
Your magical effects are unravelling.
You feel magically purged.
You feel yourself speed up.
You float gracefully downwards.
Natasha casts a spell at you.
You feel yourself slow down. Natasha claws you.
* * * LOW HITPOINT WARNING * * *
It was a potion of curing.
You feel better. Natasha claws you.
* * * LOW HITPOINT WARNING * * *
Unknown command.
You closely miss Natasha. You tail-slap Natasha.
Natasha is moderately wounded.
Natasha closely misses you. Natasha claws you.
* * * LOW HITPOINT WARNING * * *
The hobgoblin barely misses you.
You hit Natasha.
Natasha is moderately wounded.
Natasha mumbles some strange words.
The hobgoblin barely misses you.
You closely miss Natasha. Your kick misses Natasha.
Natasha is moderately wounded.
Natasha closely misses you. The hobgoblin barely misses you.
The white imp hits you but does no damage.
Natasha claws you.
You die...

....................
#.........†.........
.......##.##........
....#..##.##.######. #
#...#..##.##.######. #.#
............†...........
.......##.##.##.###..#.#
............)...........
#.#.#.....#.....@5......
#.#....## #..#.gh.......
. . ...............# .
................#
...............#.#
.##.#..#..........
.............#..
.....#....#..#.. ....
.........


You could see Natasha, a white imp (summoned) and a hobgoblin.

Vanquished Creatures
  Natasha (D:2)
  2 dart slugs
  6 ball pythons
  An endoplasm (D:1)
  2 giant cockroaches (D:1)
  2 goblins (D:2)
  A hobgoblin (D:1)
  A quokka (D:2)
  2 bats
  A frilled lizard (D:1)
  3 kobolds
  2 rats (D:1)
24 creatures vanquished.

Notes
Turn   | Place    | Note
-------+----------+-------------------------------------------
     0 | D:1      | theswoord the Demonspawn Gladiator began the quest for the
                  | Orb.
     0 | D:1      | Reached XP level 1. HP: 16/16 MP: 1/1
   111 | D:1      | Reached skill level 3 in Staves
   334 | D:1      | Discovered your monstrous ancestry.
   334 | D:1      | Gained mutation: You have a small tail. [demonic ancestry]
   334 | D:1      | Reached XP level 2. HP: 21/22 MP: 2/2
   980 | D:2      | Noticed Natasha
   984 | D:2      | Noticed a crimson imp
   992 | D:2      | Noticed a crimson imp
   994 | D:2      | Noticed a crimson imp
   994 | D:2      | Killed Natasha
   995 | D:2      | Reached skill level 4 in Staves
   995 | D:2      | Gained mutation: You have large cloven feet. [demonic
                  | ancestry]
   995 | D:2      | Reached XP level 3. HP: 18/27 MP: 3/3
  1138 | D:2      | Noticed Natasha
  1147 | D:2      | HP: 1/27 [Natasha (6)]
  1151 | D:2      | Slain by Natasha

Skill      XL: |  1  2 |
---------------+-------+-----
Staves         | 3 4 |  4.1
Fighting       | |  2.0
Throwing       | |  1.7
Dodging        | |  2.6
Unarmed Combat | |  0.2

Action                   || total
-------------------------++-------
Melee: Quarterstaff      ||    62
       Tailslap          ||     9
       Unarmed           ||    19
       Kick              ||     2
       Punch             ||     1
  Use: Potion            ||     3
Armor: Leather armour    ||    13
       Plate armour      ||    37
Dodge: Dodged            ||    33

Levels and vault maps discovered:
D:1:      dpeg_arrival_oval, layout_basic, minmay_unequal
D:2:      layout_basic, minmay_tetromino_s4, uniq_natasha
